 Dungeon Crawl Stone Soup version 0.27-a0-1217-g8a41f320e8 (webtiles) character file.

Game seed: 4966896487280567674

4694 Zonian the Conjurer (level 10, 0/90 (111) HPs)
             Began as a Human Conjurer on June 6, 2021.
             Was an Initiate of Gozag.
             Slain by a wight
             ... wielding a +4 long sword
              (3 damage)
             ... on level 8 of the Dungeon.
             The game lasted 00:28:43 (18580 turns).

Zonian the Conjurer (Human Conjurer)               Turns: 18580, Time: 00:28:45

HP:   0/90 (111)    AC:  7    Str: 12    XL:     10   Next: 72%
MP:   2/18          EV: 18    Int: 24    God:    Gozag
Gold: 1315          SH:  9    Dex: 16    Spells: 10/20 levels left

rFire    . . .     SeeInvis +   g - +3 hand axe (venom)
rCold    . . .     Faith    .   s - +0 buckler
rNeg     . . .     Spirit   .   a - +0 robe
rPois    .         Reflect  +   E - +4 helmet of the Armoured One {Str+5 Int-3 Dex+3 SInv}
rElec    .         Harm     .   (no cloak)
rCorr    .         Rampage  .   (no gloves)
Will     .....                  (no boots)
Stlth    ..........             d - amulet of reflection
HPRegen  0.25/turn              m - +4 ring of evasion
MPRegen  0.16/turn              z - +6 ring of intelligence

@: berserking (expiring), gold aura, studying Polearms, heavily drained, very
quick
A: no striking features
a: Renounce Religion, Potion Petition, Call Merchant, Bribe Branch


You were on level 8 of the Dungeon.
You worshipped Gozag.
Gozag was most pleased with you.
You visited 1 branch of the dungeon, and saw 8 of its levels.
You also visited: Ossuary.

You collected 1423 gold pieces.
You spent 108 gold pieces at shops.

Inventory:

Hand Weapons
 g - a +3 hand axe of venom (weapon)
 i - a +0 hunting sling
 p - a +0 spear
 u - a +3 long sword
 v - a +4 spear
 B - a +1 dagger of venom
 C - a +3 war axe
Missiles
 j - 37 poisoned darts
 K - 7 atropa-tipped darts
Armour
 a - a +0 robe (worn)
 r - a +1 helmet
 s - a +0 buckler (worn)
 E - the +4 helmet of the Armoured One (worn) {Str+5 Int-3 Dex+3 SInv}
   (You acquired it on level 7 of the Dungeon)

   It affects your strength (+5).
   It affects your intelligence (-3).
   It affects your dexterity (+3).
   It lets you see invisible.
Jewellery
 d - an amulet of reflection (around neck)
 k - a ring of see invisible
 m - a +4 ring of evasion (left hand)
 t - an amulet of guardian spirit
 z - a +6 ring of intelligence (right hand)
Wands
 h - a wand of acid (16)
 q - a wand of mindburst (26)
 D - a wand of polymorph (5)
Scrolls
 b - 6 scrolls of teleportation
 l - a scroll of blinking
 n - a scroll of identify
 w - 4 scrolls of enchant weapon
 y - a scroll of amnesia
 I - a scroll of immolation
Potions
 c - 4 potions of curing
 e - 4 potions of attraction
 f - 4 potions of berserk rage
 o - a potion of invisibility
 x - a potion of resistance
 A - a potion of heal wounds
 F - a potion of magic
 G - a potion of brilliance
 H - a potion of ambrosia
 J - 2 potions of mutation
 L - a potion of lignification {unknown}


   Skills:
 + Level 5.0 Fighting
 + Level 5.4(5.6) Axes
 - Level 2.2(4.1) Polearms
 + Level 6.0 Dodging
 + Level 5.8 Stealth
 - Level 1.6 Shields
 + Level 5.7 Spellcasting
 + Level 7.5 Conjurations
 + Level 4.4 Translocations
 + Level 0.2 Earth Magic


You had 10 spell levels left.
You knew the following spells:

 Your Spells              Type           Power      Damage    Failure   Level
a - Magic Dart            Conj           100%       1d8       1%          1
b - Searing Ray           Conj           86%        3d6       1%          2
c - Iskenderun's Mystic   Conj/Tloc      35%        2d8       9%          4
d - Stone Arrow           Conj/Erth      50%        3d10      7%          3

Your spell library contained the following spells:

 Spells                   Type           Power      Damage    Failure   Level
 Dazzling Flash           Conj/Hex       48%        N/A       7%          3
 Sandblast                Erth           16%        2d6       10%         1
 Corona                   Hex            6%         N/A       11%         1
 Ensorcelled Hibernation  Hex/Ice        12%        N/A       16%         2
 Passwall                 Tmut/Erth      5%         N/A       16%         2
 Fulminant Prism          Conj/Hex       12%        3d9       22%         4
 Confusing Touch          Hex            6%         N/A       32%         3
 Tukima's Dance           Hex            6%         N/A       32%         3
 Petrify                  Tmut/Erth      7%         N/A       71%         4
 Lee's Rapid Deconstruct  Erth           4%         3d6*      95%         5


Dungeon Overview and Level Annotations

Branches:
Dungeon (8/15)             Temple (0/1) D:6         Ossuary (visited)
   Lair: D:8-11

Altars:
Ashenzari
Dithmenos
Gozag
Qazlal
Sif Muna
Vehumet

Shops:
D:3 [

Annotations:
D:6 1 runed translucent door, Crazy Yiuf


Message History

You feel drained.
The wight hits you from afar with a +1 spear!
You feel drained.
Casting: Magic Dart (safe; 1% risk of failure)
Confirm with . or Enter, or press ? or * to list all spells.
Aiming: Magic Dart (safe; 1% risk of failure)
Press: ? - help, Shift-Dir - straight line, f - wight
Aim: a wight, wielding a +4 long sword and wearing a +0 robe (moderately damaged, 100% to hit)
The magic dart hits the wight.
The wight is severely damaged.
The wight barely misses you.
The wight hits you from afar with a +1 spear!
* * * LOW HITPOINT WARNING * * *
You feel drained.
* * * LOW HITPOINT WARNING * * *
A red film seems to cover your vision as you go berserk!
You feel yourself moving faster!
You feel mighty! The wight closely misses you. You block the wight's attack.
You barely miss the wight.
The wight is severely damaged.
The wight hits you with a +4 long sword!
* * * LOW HITPOINT WARNING * * *
You feel drained.
* * * LOW HITPOINT WARNING * * *
You barely miss the wight.
The wight is severely damaged.
The wight hits you but does no damage. You block the wight's attack.
You hit the wight.
The wight is severely damaged.
The wight completely misses you. The wight misses you.
You closely miss the wight.
The wight is severely damaged.
You hit the wight.
The wight is almost destroyed.
You block the wight's attack.
The wight hits you with a +4 long sword.
* * * LOW HITPOINT WARNING * * *
You feel drained.
You die...
Your body crumbles into a pile of gold.

##..#
##........##
#..##
##.z.....#
##..## ..##
##..# ....#
# ##.##
..... ##
##.## ......
.## ##.###
#z..... ..#
##..####$..#
..##
##..##@z.#
...#
##.....##
...##
##...##
....## #####
#....###
#..##..##
#.#####.#
.## ### ##


You could see 2 wights.

Vanquished Creatures
  Prince Ribbit (D:5)
  A hornet (D:8)
  Eustachio (D:6)
  2 steam dragons
  2 water moccasins
  A hornet zombie (D:8)
  2 ice beasts
  2 black bears (D:5)
  2 ogres
  8 centaurs
  3 phantoms
  2 bullfrogs
  2 scorpions
  A water moccasin zombie (D:5)
  2 water moccasin skeletons
  3 killer bees (D:7)
  A vampire bat (D:4)
  11 wights
  A howler monkey (D:4)
  2 centaur zombies
  2 hounds
  A centaur skeleton (D:6)
  4 jellies
  A bullfrog skeleton (D:5)
  A human zombie (Ossuary)
  4 orc priests
  Natasha (thrice) (D:3)
  Terence (D:3)
  3 iguanas
  6 orc wizards
  A hound zombie (D:5)
  A hound skeleton (D:4)
  4 mummies (Ossuary)
  4 gnolls (D:2)
  5 adders
  2 shadow imps
  A worm (D:2)
  3 fire bats (D:4)
  26 orcs
  2 spectral bats (D:4)
  3 ball pythons
  3 bat skeletons (D:4)
  A bat zombie (D:4)
  8 endoplasms
  4 giant cockroaches
  5 hobgoblins
  10 jackals
  3 quokkas (D:3)
  16 bats
  A bat simulacrum (D:4)
  A frilled lizard (D:3)
  4 goblins
  2 goblin zombies (Ossuary)
  3 hobgoblin zombies (Ossuary)
  5 kobolds
  A kobold zombie (Ossuary)
  A quokka skeleton (D:3)
  7 rats
203 creatures vanquished.

Notes
Turn   | Place    | Note
-------+----------+-------------------------------------------
     0 | D:1      | Zonian the Human Conjurer began the quest for the Orb.
     0 | D:1      | Reached XP level 1. HP: 13/13 MP: 3/3
   446 | D:1      | Reached XP level 2. HP: 19/19 MP: 0/5
   563 | D:1      | Learned a level 2 spell: Searing Ray
  1858 | D:2      | Reached XP level 3. HP: 24/24 MP: 2/6
  2382 | D:2      | Reached skill level 5 in Conjurations
  3255 | D:2      | Reached XP level 4. HP: 30/30 MP: 2/7
  3518 | D:2      | Found a faded altar of an unknown god.
  3526 | D:2      | Became a worshipper of Gozag Ym Sagoz the Greedy
  3968 | D:3      | Reached XP level 5. HP: 32/35 MP: 6/9
  4413 | D:3      | Found Jamemun's Armour Emporium.
  4413 | D:3      | Noticed Natasha
  4421 | D:3      | Killed Natasha
  4580 | D:3      | Noticed Natasha
  4613 | D:3      | Killed Natasha
  4614 | D:3      | Reached skill level 1 in Polearms
  4614 | D:3      | Reached XP level 6. HP: 38/42 MP: 4/10
  4689 | D:3      | Noticed Terence
  4704 | D:3      | Killed Terence
  4793 | D:3      | Bought a +0 helmet for 54 gold pieces
  4793 | D:3      | Bought a +0 buckler for 54 gold pieces
  4813 | D:3      | Noticed Natasha
  4817 | D:3      | Killed Natasha
  4818 | D:3      | Reached skill level 1 in Fighting
  5021 | D:3      | Reached XP level 7. HP: 29/48 MP: 1/12
  5525 | D:3      | Found a radiant altar of Vehumet.
  5525 | D:3      | Found a shadowy altar of Dithmenos.
  5676 | D:3      | Found a faded altar of an unknown god.
  5682 | D:3      | Found a stormy altar of Qazlal.
  5684 | D:3      | Found a broken altar of Ashenzari.
  6121 | D:4      | Reached skill level 1 in Axes
  6972 | D:4      | Found a shimmering blue altar of Sif Muna.
  7801 | D:4      | Reached XP level 8. HP: 55/56 MP: 13/13
  7832 | D:4      | Reached skill level 1 in Shields
  8301 | D:5      | Entered Level 5 of the Dungeon
  8312 | D:5      | Reached skill level 6 in Conjurations
  8321 | D:5      | Learned a level 4 spell: Iskenderun's Mystic Blast
  9109 | D:5      | Reached skill level 1 in Translocations
  9626 | D:5      | Noticed Prince Ribbit
  9639 | D:5      | Killed Prince Ribbit
  9640 | D:5      | Reached XP level 9. HP: 63/63 MP: 5/15
 10942 | D:6      | Found a staircase to the Ecumenical Temple.
 11648 | D:6      | Noticed Eustachio
 11671 | D:6      | Killed Eustachio
 11672 | D:6      | Reached skill level 5 in Dodging
 12037 | D:6      | Reached skill level 5 in Spellcasting
 12641 | D:6      | Found a runed translucent door.
 12642 | D:6      | Noticed Crazy Yiuf
 13332 | D:6      | Reached skill level 7 in Conjurations
 13332 | D:6      | Reached XP level 10. HP: 60/71 MP: 6/17
 13940 | D:7      | Reached skill level 5 in Stealth
 14305 | D:7      | Identified a scroll of acquirement
 14305 | D:7      | Acquired the +4 helmet of the Armoured One {Str+5 Int-3
                  | Dex+3 SInv}
 15349 | D:7      | Reached skill level 5 in Axes
 16294 | D:8      | Found a sand-covered staircase.
 16300 | Ossuary  | Entered an ossuary
 17636 | D:8      | Reached skill level 5 in Fighting
 18312 | D:8      | Learned a level 3 spell: Stone Arrow
 18580 | D:8      | HP: 3/91 [wight/+4 long sword (6)]
 18580 | D:8      | Slain by a wight

Illustrated notes

Levels and vault maps discovered:
D:1:      saegor_arrival_simple_a, layout_rooms, minmay_hedge_maze,
          minmay_quantized
D:2:      layout_basic, hellmonk_ecumenical_altar_arch_garden,
          kennysheep_cross_room, kennysheep_decorative_pillar
D:3:      minmay_octagon_keep, layout_rooms,
          chequers_temple_overflow_minitemple, serial_shops, shop, uniq_terence,
          uniq_natasha
D:4:      layout_loops_ring, led_sif_book, st_stairs_5, chequers_jeans,
          hangedman_glass_garden, kennysheep_doodads, minivault_26,
          grunt_decor_arrowhead, goddamned_bats
D:5:      layout_basic, chequers_decorated_corner, minmay_misc_feat_pillars,
          kennysheep_generic_room_13, uniq_prince_ribbit1
D:6:      layout_loops_ring, minmay_temple_entry_offerings,
          uniq_crazy_yiuf_cottage, uniq_eustachio
D:7:      layout_rooms, centaur_isle
D:8:      layout_layer_cave, nicolae_ossuary_entry_plus, minmay_manual_mail

Skill      XL: |  1  2  3  4  5  6  7  8  9 10 |
---------------+-------------------------------+-----
Conjurations   | 5 6 7 |  7.5
Spellcasting   | 3 4 5 |  5.7
Polearms       | 1 2 |  2.2
Fighting       | 1 3 4 5 |  5.0
Dodging        | 3 4 5 6 |  6.0
Axes           | 2 3 4 5 |  5.4
Stealth        | 3 4 5 |  5.8
Shields        | 1 |  1.6
Translocations | 1 3 4 |  4.4
Earth Magic    | |  0.2

Action                   |  1- 3 |  4- 6 |  7- 9 | 10-12 || total
-------------------------+-------+-------+-------+-------++-------
Melee: Unarmed           |     4 |       |       |       ||     4
       Spear             |       |    77 |       |       ||    77
       Hand axe          |       |       |   214 |   102 ||   316
       Long sword        |       |       |       |     1 ||     1
 Cast: Magic Dart        |    56 |    29 |   102 |    91 ||   278
       Searing Ray       |     1 |    13 |    23 |    17 ||    54
Evoke: Wand              |       |       |       |     2 ||     2
  Use: Potion            |       |     2 |     2 |     1 ||     5
       Scroll            |       |       |    14 |     5 ||    19
 Stab: Sleeping          |       |     1 |     3 |     2 ||     6
       Distracted        |       |       |       |     2 ||     2
Armor: Robe              |     1 |     9 |    52 |    13 ||    75
Dodge: Dodged            |     1 |    90 |   202 |    84 ||   377
Block: Buckler           |       |     2 |   112 |    67 ||   181
       Reflection        |       |       |       |    13 ||    13
       Rpst.: Long sword |       |       |       |     1 ||     1

Table legend: (Time is in decaauts)
 A = Elapsed time spent in this place.
 B = Non-inter-level travel time spent in this place.
 C = Inter-level travel time spent in this place.
 D = Time resting spent in this place.
 E = Time spent auto-exploring this place.
 F = Levels seen in this place.
 G = Mean time per level.
                   A        B        C        D        E       F      G
               +--------+--------+--------+--------+--------+-----+--------+
         Total |  18645 |  18317 |    328 |   9483 |   6288 |   9 | 2071.7 |
       Dungeon |  18084 |  17756 |    328 |   9221 |   6288 |   8 | 2260.5 |
       Ossuary |    561 |    561 |      0 |    262 |      0 |   1 |  561.0 |
               +--------+--------+--------+--------+--------+-----+--------+

Top non-repeatable levels by time:
     D:6: 3226 daAuts
     D:2: 3128 daAuts
     D:5: 2650 daAuts
     D:7: 2292 daAuts
     D:4: 2256 daAuts
     D:3: 2195 daAuts
     D:8: 1577 daAuts
     D:1: 757 daAuts
 Ossuary: 561 daAuts
